 Dungeon Crawl Stone Soup version 0.31-a0-889-g1a8549509d (webtiles) character file.

Game seed: 11974197158258180589

6953 Ekaitz the Thaumaturge (level 10, -3/51 HPs)
             Began as a Deep Elf Earth Elementalist on Oct 16, 2023.
             Was an Elder of Vehumet.
             Slain by an orc warrior
             ... wielding a +0 glaive
              (7 damage)
             ... on level 9 of the Dungeon.
             The game lasted 00:29:15 (10947 turns).

Ekaitz the Thaumaturge (DEEE)                      Turns: 10947, Time: 00:29:16

Health: -3/51      AC: 10    Str: 11    XL:     10   Next: 80%
Magic:  2/26       EV: 13    Int: 21    God:    Vehumet [****..]
Gold:   491        SH:  0    Dex: 15    Spells: 12/29 levels left

rFire   + . .        L - +12 glaive of Prune {freeze, Prune}
rCold   + . .        (shield currently unavailable)
rNeg    . . .        B - +2 robe {rC+ rF+}
rPois   .            v - +2 hat
rElec   .            (no cloak)
rCorr   .            (no gloves)
SInv    .            (no boots)
Will    ++...        x - amulet "Tefupir" {Will+ Regen+ Str+2}
Stlth   +++          f - +4 ring of protection
HPRegen 1.08/turn    (no ring)
MPRegen 0.20/turn

%: no passive effects
@: mighty
A: no striking features
a: Renounce Religion


You were on level 9 of the Dungeon.
You worshipped Vehumet.
Vehumet was greatly pleased with you.
You visited 2 branches of the dungeon, and saw 10 of its levels.

You collected 491 gold pieces.

Inventory:

Hand Weapons
 b - a +1 dagger of holy wrath
 g - a +2 dagger of venom
 A - a +0 scythe of venom
 E - a +0 short sword of holy wrath
 K - a +2 dagger of protection
 L - the +12 glaive of Prune (weapon) {freeze, Prune}
   (You found it on level 6 of the Dungeon)

   Prune:     It halves damage taken while paralysed, petrified or unconscious.
 O - a +3 dagger
 Q - a +1 scimitar
Missiles
 t - 18 poisoned darts
 S - a curare-tipped dart
 X - 2 throwing nets
Armour
 v - a +2 hat (worn)
 B - a +2 robe of resistance (worn)
 G - a +1 leather armour of fire resistance
 V - a +2 robe of willpower
 W - +0 acid dragon scales
Magical Staves
 a - a staff of earth
 r - a staff of conjuration
Jewellery
 f - a +4 ring of protection (left hand)
 w - a ring of fire
 x - the amulet "Tefupir" (around neck) {Will+ Regen+ Str+2}
   (You found it on level 5 of the Dungeon)

   [amulet of regeneration]

   Str+2:     It affects your strength (+2).
   Will+:     It increases your willpower.
   Regen+:    It increases your rate of health regeneration.
Wands
 H - a wand of paralysis (5)
 M - a wand of iceblast (5)
 T - a wand of acid (5)
 U - a wand of mindburst (3)
Scrolls
 d - 2 scrolls of immolation {unknown}
 e - 7 scrolls of identify {unknown}
 i - 2 scrolls of silence {unknown}
 l - 4 scrolls of teleportation {unknown}
 m - 2 scrolls of fear {unknown}
 o - 6 scrolls of torment {unknown}
 p - 2 scrolls of enchant armour {unknown}
 u - 5 scrolls of poison {unknown}
 y - 2 scrolls of amnesia {unknown}
 C - a scroll of blinking {unknown}
 F - 2 scrolls of fog {unknown}
 I - a scroll of revelation {unknown}
 J - a scroll of brand weapon {unknown}
Potions
 c - a potion of magic
 h - 3 potions of attraction {unknown}
 k - a potion of enlightenment {unknown}
 n - 3 potions of haste {unknown}
 q - a potion of heal wounds {unknown}
 s - a potion of mutation {unknown}
 z - 2 potions of might
 D - a potion of cancellation {unknown}
 N - a potion of brilliance {unknown}
 P - a potion of lignification {unknown}
 R - a potion of invisibility {unknown}


   Skills:
 + Level 0.8 Fighting
 + Level 1.4 Short Blades
 + Level 0.3 Polearms
 + Level 3.7 Dodging
 + Level 5.1 Stealth
 + Level 10.2 Spellcasting
 * Level 9.3 Conjurations
 * Level 2.9 Translocations
 + Level 2.2 Transmutations
 * Level 2.3 Fire Magic
 * Level 10.0 Earth Magic
 * Level 6.1 Evocations


You had 12 spell levels left.
You knew the following spells:

 Your Spells              Type           Power      Damage    Failure   Level
a - Sandblast             Erth           100%       2d20      1%          1
b - Passwall              Tmut/Erth      30%        N/A       1%          2
c - Stone Arrow           Conj/Erth      100%       3d13      1%          3
d - Brom's Barrelling Bo  Conj/Erth      50%        2d7       1%          4
e - Petrify               Tmut/Erth      36%        N/A       4%          4
f - Volatile Blastmotes   Fire/Tloc      42%        2d13      1%          3

Your spell library contained the following spells:

 Spells                   Type           Power      Damage    Failure   Level
 Inner Flame              Hex/Fire       15%        N/A       3%          3


Dungeon Overview and Level Annotations

Branches:
Dungeon (9/15)             Temple (1/1) D:5            Lair (0/5) D:9
    Orc: D:9-12

Altars:
Ashenzari
Cheibriados
Dithmenos
Elyvilon
Fedhas
Gozag
Hepliaklqana
Kikubaaqudgha
Makhleb
Nemelex Xobeh
Okawaru
Qazlal
Ru
Sif Muna
Trog
Uskayaw
Vehumet
Wu Jian
Xom
Yredelemnul
Zin
The Shining One

Shops:
D:1 (   D:3 =   D:4 *


Message History

The orc warrior hits you from afar with a +0 glaive.
The orc warrior hits you from afar with a +0 glaive!
You reach to attack!
You completely miss the orc warrior.
The orc warrior is severely wounded.
The orc warrior hits you from afar with a +0 glaive!
The orc warrior hits you from afar with a +0 glaive.
* * * LOW HITPOINT WARNING * * *
The curse of the Prune lifts from you.
a - a staff of earth (weapon)
Casting: Stone Arrow (safe; 1% risk of failure)
Confirm with . or Enter, or press ? or * to list all spells.
Aiming: Stone Arrow (safe; 1% risk of failure)
Press: ? - help, Shift-Dir - straight line, f - basilisk
Aim: a basilisk (severely wounded, 72% to hit)
You feel a surge of power!
The stone arrow misses the basilisk.
Unknown command.
You struggle to resist the curse of the Prune...
L - the +12 glaive of Prune (weapon)
{freeze, Prune} Reach: L) +12 glaive of Prune {freeze, Prune}
Press: ? - help, Dir - move target, f/p - basilisk
Aim: a basilisk (severely wounded, about 40% to evade the +12 glaive of Prune)
You reach to attack!
You closely miss the basilisk.
The basilisk is severely wounded.
The basilisk bites you but does no damage.
Unknown command.
You closely miss the basilisk.
The basilisk is severely wounded.
The orc warrior hits you from afar with a +0 glaive!
* * * LOW HITPOINT WARNING * * *
The basilisk hisses menacingly.
The basilisk misses you. The orc warrior barely misses you.
The basilisk bites you.
* * * LOW HITPOINT WARNING * * *
It was a potion of curing.
You feel better. The orc warrior closely misses you. The basilisk bites you!
* * * LOW HITPOINT WARNING * * *
It was a potion of might.
You feel very mighty all of a sudden.
The orc warrior hits you from afar with a +0 glaive!
You die...

.#l## # ... ..
#.###)# ....
..#.....### ....###
..†.......# .......
..#######{# .......
#o# .......
#l###########......
#.@............<...
####......###.#.#+#
#........#.#....
##.......#.#....
#.......#......
#.......###....
##.......# #....
##......#####....
....P.............


You could see a basilisk and an orc warrior.

Vanquished Creatures
  A gargoyle (D:7)
  Sigmund (D:5)
  2 shadows (D:9)
  Eustachio (D:5)
  A steam dragon (D:7)
  Menkaure (D:5)
  An acid dragon (D:9)
  6 water moccasins
  Duvessa (D:5)
  4 orc warriors
  A sky beast (D:8)
  3 ice beasts
  5 black bears
  An ogre (D:5)
  A centaur (D:8)
  4 kobold brigands
  5 bullfrogs
  6 scorpions
  3 gnoll sergeants
  10 wights
  Dowan (D:5)
  10 killer bees
  2 howler monkeys
  2 hounds
  4 jellies
  6 orc priests
  A sleepcap (D:5)
  2 gnoll boudas
  3 iguanas
  10 orc wizards
  4 adders
  21 gnolls
  A white imp (D:8)
  A worm (D:2)
  A dart slug (D:2)
  50 orcs
  8 endoplasms
  6 hobgoblins
  4 quokkas
  4 ball pythons
  A frilled lizard (D:1)
  5 goblins
  19 kobolds
  3 rats
  A spectral hobgoblin (D:2)
228 creatures vanquished.

Vanquished Creatures (collateral kills)
  Jeremiah (D:8)
  22 boulders
23 creatures vanquished.

Vanquished Creatures (others)
  28 boulders
28 creatures vanquished.

Grand Total: 279 creatures vanquished

Notes
Turn   | Place    | Note
-------+----------+-------------------------------------------
     0 | D:1      | Ekaitz the Deep Elf Earth Elementalist began the quest for
                  | the Orb.
     0 | D:1      | Reached XP level 1. HP: 10/10 MP: 6/6
   165 | D:1      | Found Bucsuabb's Weapon Boutique.
   250 | D:1      | Reached XP level 2. HP: 15/15 MP: 5/8
   253 | D:1      | Learned a level 2 spell: Passwall
  1080 | D:2      | Found a faded altar of an unknown god.
  1124 | D:2      | Reached XP level 3. HP: 19/19 MP: 7/9
  1128 | D:2      | Learned a level 3 spell: Stone Arrow
  1915 | D:3      | Reached XP level 4. HP: 13/24 MP: 3/11
  1998 | D:3      | Learned a level 4 spell: Brom's Barrelling Boulder
  2174 | D:3      | Found Renowk's Jewellery Shoppe.
  2748 | D:4      | Reached skill level 1 in Conjurations
  2748 | D:4      | Reached XP level 5. HP: 28/28 MP: 7/14
  2971 | D:4      | Reached skill level 5 in Earth Magic
  2976 | D:4      | Reached skill level 5 in Spellcasting
  3127 | D:4      | Found a bloodstained altar of Trog.
  3246 | D:4      | Noticed a black bear
  3465 | D:4      | Killed a black bear
  3466 | D:4      | Reached XP level 6. HP: 32/32 MP: 3/15
  3475 | D:4      | Learned a level 4 spell: Petrify
  3868 | D:4      | Found Soupeom's Lightly-Used Armoury.
  4179 | D:5      | Entered Level 5 of the Dungeon
  4196 | D:5      | Noticed Sigmund
  4200 | D:5      | Killed Sigmund
  4201 | D:5      | Reached skill level 1 in Evocations
  4201 | D:5      | Reached XP level 7. HP: 36/36 MP: 10/17
  4205 | D:5      | Reached skill level 1 in Short Blades
  4334 | D:5      | Found a staircase to the Ecumenical Temple.
  4344 | Temple   | Entered the Ecumenical Temple
  4364 | Temple   | Became a worshipper of Vehumet
  4392 | D:5      | Identified the amulet "Tefupir" {Will+ Regen+ Str+2}
  4506 | D:5      | Noticed Duvessa
  4526 | D:5      | Noticed Dowan
  4536 | D:5      | Killed Duvessa
  4544 | D:5      | Killed Dowan
  4662 | D:5      | Reached XP level 8. HP: 42/42 MP: 12/19
  4720 | D:5      | Noticed Eustachio
  4729 | D:5      | Killed Eustachio
  4794 | D:5      | Noticed Menkaure
  4797 | D:5      | Killed Menkaure
  5149 | D:5      | Found a runed translucent door.
  5358 | D:5      | Reached skill level 5 in Conjurations
  5571 | D:5      | Reached * piety under Vehumet
  5571 | D:5      | Offered knowledge of Magic Dart by Vehumet.
  6476 | D:6      | Reached XP level 9. HP: 37/46 MP: 11/22
  7208 | D:6      | Found a hide-covered altar of Uskayaw.
  7208 | D:6      | Found the +12 glaive of Prune {freeze, Prune}
  7282 | D:7      | Noticed a gargoyle
  7291 | D:7      | Killed a gargoyle
  7617 | D:7      | Reached ** piety under Vehumet
  7617 | D:7      | Offered knowledge of Searing Ray by Vehumet.
  8660 | D:8      | Reached XP level 10. HP: 51/51 MP: 19/25
  8664 | D:7      | Reached skill level 5 in Evocations
  8869 | D:8      | Offered knowledge of Volatile Blastmotes by Vehumet.
  8884 | D:8      | Found a glowing silver altar of Zin.
  8890 | D:8      | Learned a level 3 spell: Volatile Blastmotes
  9194 | D:8      | Noticed Jeremiah
  9215 | D:8      | Killed Jeremiah
  9216 | D:8      | Reached skill level 1 in Translocations
  9740 | D:8      | Reached *** piety under Vehumet
 10113 | D:9      | Reached skill level 10 in Spellcasting
 10408 | D:9      | Reached skill level 1 in Fire Magic
 10546 | D:9      | Offered knowledge of Inner Flame by Vehumet.
 10700 | D:9      | Reached skill level 5 in Stealth
 10879 | D:9      | Found a staircase to the Lair.
 10912 | D:9      | Identified the +1 leather armour "Horioh" {rElec rPois
                  | rCorr Dex-2}
 10929 | D:9      | Reached **** piety under Vehumet
 10930 | D:9      | Reached skill level 10 in Earth Magic
 10947 | D:9      | Slain by an orc warrior

Illustrated notes

Levels and vault maps discovered:
D:1:      dpeg_arrival_refuge, layout_basic, serial_shops,
          nicolae_shop_rolling_square
D:2:      layout_basic, dreamdust_ecumenical_altar_drowned_temple
D:3:      layout_basic, serial_shops, shop
D:4:      layout_layer_cave, mainiacjoe_overflow_alcove_2, minmay_shop_damaged
D:5:      layout_loops_ring, minmay_temple_entry_large_hall,
          minmay_misc_feat_room, serial_bayou_pond_e, lightli_church_of_beogh,
          uniq_eustachio, uniq_menkaure, uniq_sigmund, uniq_duvessa
D:6:      layout_loops_corners, mainiacjoe_overflow_alcove_1
D:7:      layout_loops_cross, chequers_avenue
D:8:      layout_basic, eino_small_chamber_without_monster,
          minmay_ruined_shrine, uniq_jeremiah
D:9:      layout_basic, due_lair_maze_entry_diamond
Temple:   nicolae_temple_bog_church

Skill      XL: |  1  2  3  4  5  6  7  8  9 10 |
---------------+-------------------------------+-----
Earth Magic    | 4 5 6 8 9 10 | 10.0
Stealth        | 3 4 5 |  5.1
Spellcasting   | 4 5 6 7 9 10 | 10.2
Conjurations   | 1 2 4 5 7 9 |  9.3
Transmutations | 2 |  2.2
Evocations     | 1 2 3 4 6 |  6.1
Short Blades   | 1 |  1.4
Dodging        | 3 |  3.7
Translocations | 2 |  2.9
Fire Magic     | 2 |  2.3
Fighting       | |  0.8
Polearms       | |  0.3

Action                     |  1- 3 |  4- 6 |  7- 9 | 10-12 || total
---------------------------+-------+-------+-------+-------++-------
  Melee: Dagger            |    14 |    14 |     2 |    19 ||    49
         Staff             |       |       |     2 |       ||     2
         Halberd           |       |       |    12 |       ||    12
         Glaive            |       |       |       |    18 ||    18
         Punch             |       |       |       |     3 ||     3
   Cast: Sandblast         |    31 |    18 |     7 |     1 ||    57
         Passwall          |    10 |     5 |       |     1 ||    16
         Stone Arrow       |       |    20 |    65 |    44 ||   129
         Brom's Barrelling |       |     2 |    45 |    36 ||    83
         Petrify           |       |       |       |     1 ||     1
    Use: Potion            |       |       |       |     2 ||     2
   Stab: Sleeping          |     8 |     5 |       |     1 ||    14
         Petrified         |       |       |       |     4 ||     4
 Armour: Robe              |    11 |     7 |    29 |    42 ||    89
  Dodge: Dodged            |     7 |     9 |    14 |    44 ||    74

Table legend: (Time is in decaauts)
 A = Elapsed time spent in this place.
 B = Non-inter-level travel time spent in this place.
 C = Inter-level travel time spent in this place.
 D = Time resting spent in this place.
 E = Time spent auto-exploring this place.
 F = Levels seen in this place.
 G = Mean time per level.
                   A        B        C        D        E       F      G
               +--------+--------+--------+--------+--------+-----+--------+
         Total |  10997 |  10590 |    407 |    808 |   7918 |  10 | 1099.7 |
       Dungeon |  10959 |  10568 |    391 |    808 |   7918 |   9 | 1217.7 |
        Temple |     38 |     22 |     16 |      0 |      0 |   1 |   38.0 |
               +--------+--------+--------+--------+--------+-----+--------+

Top non-repeatable levels by time:
     D:5: 1781 daAuts
     D:4: 1620 daAuts
     D:8: 1384 daAuts
     D:7: 1316 daAuts
     D:6: 1316 daAuts
     D:2: 1054 daAuts
     D:9: 857 daAuts
     D:1: 839 daAuts
     D:3: 789 daAuts
  Temple: 38 daAuts
